 Dungeon Crawl Stone Soup version 0.21.0-3-g78d12a8 (webtiles) character file.

2979 eeldvark the Magician (level 9, 0/66 HPs)
             Began as a Gnoll Wanderer on Jan 10, 2018.
             Was a Priest of Wu Jian.
             Killed from afar by a starcursed mass (8 damage)
             ... with an accursed screaming
             ... on level 2 of the Abyss on Jan 11, 2018.
             The game lasted 01:10:12 (7668 turns).

eeldvark the Magician (Gnoll Wanderer)              Turns: 7668, Time: 01:10:13

Health: 0/66       AC:  8    Str: 16    XL:     9   Next: 82%
Magic:  19/19      EV: 13    Int: 14    God:    Wu Jian [***...]
Gold:   101        SH:  0    Dex: 17    Spells: 2/21 levels left

rFire    + . .     SeeInvis +   Q - +2 falchion (holy)
rCold    x . .     Gourm    .   (no shield)
rNeg     . . .     Faith    .   x - +0 leather armour
rPois    .         Spirit   .   B - +2 helmet
rElec    .         Reflect  .   j - +0 cloak
rCorr    .         Harm     .   (no gloves)
MR       .....                  u - +0 pair of boots
Stlth    ++........             w - amulet of regeneration
HPRegen  0.61/turn              i - ring of see invisible
MPRegen  0.16/turn              J - ring of fire

@: about to teleport, very slightly contaminated, heavily drained
A: distributed training, fangs 1, strong nose
a: Wall Jump, Serpent's Lash, Renounce Religion


You were on level 2 of the Abyss.
You worshipped Wu Jian.
Wu Jian was most pleased with you.
You were not hungry.

You visited 2 branches of the dungeon, and saw 10 of its levels.
You visited the Abyss 1 time.

You collected 461 gold pieces.
You spent 360 gold pieces at shops.

Inventory:

Hand Weapons
 a - a +5 battleaxe
 e - a +2 dagger of speed
 y - a +2 dagger of protection
 z - a +1 short sword of speed
 C - a +2 hand axe of flaming
 D - a +2 great mace of venom
 Q - a +2 falchion of holy wrath (weapon)
Armour
 j - a +0 cloak (worn)
 u - a +0 pair of boots (worn)
 x - a +0 leather armour (worn)
 B - a +2 helmet (worn)
Magical Staves
 b - an uncursed staff of summoning
Jewellery
 i - a ring of see invisible (left hand)
 m - an uncursed ring of flight
 w - an amulet of regeneration (around neck)
 J - a ring of fire (right hand)
Wands
 I - a wand of enslavement (18)
Scrolls
 c - a scroll of summoning {unknown}
 d - a scroll of enchant weapon
 g - 8 scrolls of remove curse
 h - 3 scrolls of teleportation
 q - a scroll of identify
 v - 2 scrolls of fog
 N - a scroll of magic mapping
Potions
 k - 3 potions of flight {unknown}
 l - 3 potions of agility
 n - 3 potions of lignification {unknown}
 o - a potion of might
 p - a potion of ambrosia
 r - 5 potions of brilliance
 s - 6 potions of curing
 E - 2 potions of berserk rage
 G - a potion of cancellation
 K - a potion of mutation {unknown}
Books
 t - a Young Poisoner's Handbook

   Spells                             Type                      Level
   a - Sting                          Conjuration/Poison           1
   b - Poisonous Vapours              Poison/Air                   2
   c - Mephitic Cloud                 Conjuration/Poison/Air       3
   d - Olgreb's Toxic Radiance        Poison                       4
   e - Venom Bolt                     Conjuration/Poison           5
 F - a book of Callings

   Spells                             Type                      Level
   a - Summon Small Mammal            Summoning                    1
   b - Call Imp                       Summoning                    2
   c - Call Canine Familiar           Summoning                    3
   d - Summon Guardian Golem          Hexes/Summoning              3
   e - Summon Lightning Spire         Summoning/Air                4
   f - Summon Ice Beast               Ice/Summoning                4
 H - a book of Battle

   Spells                             Type                      Level
   a - Infusion                       Charms                       1
   b - Shroud of Golubria             Charms/Translocation         2
   c - Song of Slaying                Charms                       2
   d - Spectral Weapon                Hexes/Charms                 3
   e - Regeneration                   Charms/Necromancy            3
 L - a book of Flames

   Spells                             Type                      Level
   a - Flame Tongue                   Conjuration/Fire             1
   b - Throw Flame                    Conjuration/Fire             2
   c - Conjure Flame                  Conjuration/Fire             3
   d - Inner Flame                    Hexes/Fire                   3
   e - Sticky Flame                   Conjuration/Fire             4
   f - Fireball                       Conjuration/Fire             5
 M - the Tome of Venom

   Spells                             Type                      Level
   a - Sting                          Conjuration/Poison           1
   b - Spider Form                    Transmutation/Poison         3
 O - a book of Transfigurations

   Spells                             Type                      Level
   a - Irradiate                      Conjuration/Transmutation    5
   b - Statue Form                    Transmutation/Earth          6
   c - Hydra Form                     Transmutation                6
   d - Dragon Form                    Transmutation                7
Comestibles
 f - 10 rations


   Skills:
 + Level 4.5(3.0) Fighting
 + Level 4.5(3.0) Short Blades
 + Level 4.5(3.0) Long Blades
 + Level 4.5(3.0) Axes
 + Level 4.5(3.0) Maces & Flails
 + Level 4.5(3.0) Polearms
 + Level 4.5(3.0) Staves
 + Level 4.5(3.0) Slings
 + Level 4.5(3.0) Bows
 + Level 4.5(3.0) Crossbows
 + Level 5.3(3.8) Throwing
 + Level 4.5(3.0) Armour
 + Level 4.5(3.0) Dodging
 + Level 5.2(3.6) Stealth
 + Level 4.5(3.0) Shields
 + Level 4.5(3.0) Unarmed Combat
 + Level 6.8(5.2) Spellcasting
 + Level 3.7(2.3) Conjurations
 + Level 3.7(2.3) Hexes
 + Level 3.7(2.3) Charms
 + Level 3.7(2.3) Summonings
 + Level 3.7(2.3) Necromancy
 + Level 3.7(2.3) Translocations
 + Level 3.7(2.3) Transmutations
 + Level 6.7(5.1) Fire Magic
 + Level 3.7(2.3) Ice Magic
 + Level 3.7(2.3) Air Magic
 + Level 3.7(2.3) Earth Magic
 + Level 6.7(5.1) Poison Magic
 + Level 5.0(3.5) Invocations
 + Level 4.5(3.0) Evocations


You had 2 spell levels left.
You knew the following spells:

 Your Spells              Type           Power        Failure   Level  Hunger
a - Sticky Flame          Conj/Fire      ###.....     41%         4    ####...
b - Sting                 Conj/Pois      ##..         4%          1    None
c - Conjure Flame         Conj/Fire      ###.....     13%         3    ###....
d - Throw Flame           Conj/Fire      ###...       7%          2    ##.....
e - Shroud of Golubria    Chrm/Tloc      ##........   12%         2    ##.....
f - Olgreb's Toxic Radia  Pois           ###.....     24%         4    ####...
g - Call Canine Familiar  Summ           ##......     24%         3    ###....


Dungeon Overview and Level Annotations

Branches:
Dungeon (9/15)             Temple (1/1) D:4
   Lair: D:8-11         Orc: D:9-12

Altars:
Dithmenos
Makhleb
Nemelex Xobeh
Sif Muna
Trog
Wu Jian
Xom
Beogh

Shops:
D:4 *   D:8 *

Annotations:
D:8 Akransas's ghost, novice GnNe; Maurice


Innate Abilities, Weirdness & Mutations

Your experience applies equally to all skills.
You have very sharp teeth.
Your uncanny sense of smell can sniff out nearby items.


Message History

You spin and attack the starcursed mass.
You hit the starcursed mass.
The starcursed mass is moderately damaged.
The starcursed mass shudders and is absorbed by its neighbour.
A deafening chorus of shrieks assaults your mind!
* * * LOW HITPOINT WARNING * * *
You suddenly lose the ability to move!
A starcursed mass splits.
You can move again.
The starcursed mass engulfs you.
* * * LOW HITPOINT WARNING * * *
Unknown command.
Blink to where?
Press: ? - help, Dir - move target cursor You are very lightly contaminated with residual magic.
As you read the scroll of blinking, it crumbles to dust.
A chorus of shrieks assaults your mind.
* * * LOW HITPOINT WARNING * * *
Found a scroll of noise.
A chorus of shrieks assaults your mind.
You die...

## .. # ##.### .#
....# ##.?#
###.#.###...
..#...#.#...##
##...#..#....#..
.........@.......
###.............#
#...#..#...#.§#
####.X.####.### .
#..X......... .
##§.#...###....
##. ##..#.. ....


#.XXX XX.......... ###.X#..##..## You could see 2 starcursed masses.

Vanquished Creatures
  The ghost of asthiss the Skirmisher, an amateur MiFi (D:4)
  Grinder (D:4)
  A hippogriff (D:7)
  A water moccasin (D:7)
  A sky beast (D:9)
  An ice beast (D:5)
  3 orc warriors
  A black bear (D:8)
  An ogre (D:6)
  2 centaurs (D:7)
  3 big kobolds
  A wight (D:7)
  4 howler monkeys
  A jelly (D:9)
  A centaur zombie (D:7)
  A quasit (D:5)
  4 crimson imps
  4 orc priests
  2 hounds
  2 orc wizards
  A bullfrog skeleton (D:6)
  Natasha (thrice) (D:2)
  5 worker ants
  A hound zombie (D:5)
  A hound skeleton (D:5)
  7 gnolls
  16 adders
  A howler monkey skeleton (D:6)
  3 adder skeletons (D:4)
  3 worms
  A dart slug (D:4)
  5 leopard geckos
  22 orcs
  4 bats
  7 giant cockroaches
  6 goblins
  7 hobgoblins
  8 jackals
  18 kobolds
  3 quokkas
  2 ball pythons (D:1)
  A frilled lizard (D:3)
  2 giant cockroach zombies (D:5)
  A jackal skeleton (D:4)
  5 rats
169 creatures vanquished.

Vanquished Creatures (collateral kills)
  A kobold (D:9)
1 creature vanquished.

Grand Total: 170 creatures vanquished

Notes
Turn   | Place    | Note
-------+----------+-------------------------------------------
     0 | D:1      | eeldvark the Gnoll Wanderer began the quest for the Orb.
     0 | D:1      | eeldvark set off with: a book of Flames, the Tome of Venom, a +0 robe, a +0 club, a ration
     0 | D:1      | Reached XP level 1. HP: 13/13 MP: 6/6
     0 | D:1      | Identified the Tome of Venom
     2 | D:1      | Learned a level 1 spell: Flame Tongue
     8 | D:1      | Noticed an iguana
     8 | D:1      | Noticed a swamp drake
     8 | D:1      | Noticed a swamp worm
     9 | D:1      | Noticed a redback
     9 | D:1      | Noticed a hog
    86 | D:1      | Reached XP level 2. HP: 10/19 MP: 0/7
   280 | D:1      | Learned a level 1 spell: Sting
   977 | D:2      | Noticed Natasha
   987 | D:2      | Killed Natasha
   987 | D:2      | Reached skill level 5 in Spellcasting
   987 | D:2      | Reached skill level 1 in Invocations
   987 | D:2      | Reached XP level 3. HP: 8/25 MP: 2/9
  1008 | D:1      | HP: 1/25 [leopard gecko (1)]
  1578 | D:2      | Reached skill level 1 in Fighting
  1578 | D:2      | Reached skill level 1 in Short Blades
  1578 | D:2      | Reached skill level 1 in Long Blades
  1578 | D:2      | Reached skill level 1 in Axes
  1578 | D:2      | Reached skill level 1 in Maces & Flails
  1578 | D:2      | Reached skill level 1 in Polearms
  1578 | D:2      | Reached skill level 1 in Staves
  1578 | D:2      | Reached skill level 1 in Slings
  1578 | D:2      | Reached skill level 1 in Bows
  1578 | D:2      | Reached skill level 1 in Crossbows
  1578 | D:2      | Reached skill level 1 in Armour
  1578 | D:2      | Reached skill level 1 in Dodging
  1578 | D:2      | Reached skill level 1 in Shields
  1578 | D:2      | Reached skill level 1 in Unarmed Combat
  1578 | D:2      | Reached skill level 1 in Evocations
  1660 | D:2      | Noticed Natasha
  1675 | D:2      | Killed Natasha
  1675 | D:2      | Reached XP level 4. HP: 4/32 MP: 7/11
  1951 | D:2      | Noticed Natasha
  1958 | D:2      | Killed Natasha
  1958 | D:2      | Reached skill level 1 in Conjurations
  1958 | D:2      | Reached skill level 1 in Hexes
  1958 | D:2      | Reached skill level 1 in Charms
  1958 | D:2      | Reached skill level 1 in Summonings
  1958 | D:2      | Reached skill level 1 in Necromancy
  1958 | D:2      | Reached skill level 1 in Translocations
  1958 | D:2      | Reached skill level 1 in Transmutations
  1958 | D:2      | Reached skill level 1 in Ice Magic
  1958 | D:2      | Reached skill level 1 in Air Magic
  1958 | D:2      | Reached skill level 1 in Earth Magic
  2415 | D:3      | Reached XP level 5. HP: 37/37 MP: 7/12
  2474 | D:2      | Learned a level 3 spell: Conjure Flame
  2778 | D:3      | Found a burning altar of Makhleb.
  2845 | D:3      | Reached XP level 6. HP: 26/44 MP: 1/13
  2964 | D:3      | Learned a level 2 spell: Throw Flame
  3263 | D:4      | Noticed asthiss's ghost (amateur MiFi)
  3287 | D:4      | Killed asthiss's ghost
  3287 | D:4      | Reached XP level 7. HP: 9/50 MP: 5/15
  3427 | D:4      | Found Ystrang's General Store.
  3445 | D:4      | Bought a scroll of vulnerability for 75 gold pieces
  3582 | D:4      | Noticed Grinder
  3589 | D:4      | Paralysed by Grinder for 3 turns
  3606 | D:4      | Killed Grinder
  3786 | D:4      | You fall through a shaft for 2 floors!
  3792 | D:5      | Entered Level 5 of the Dungeon
  3886 | D:4      | Found a staircase to the Ecumenical Temple.
  3891 | Temple   | Entered the Ecumenical Temple
  3897 | Temple   | Became a worshipper of the Wu Jian Council
  4515 | D:5      | Reached XP level 8. HP: 52/57 MP: 3/16
  4719 | D:5      | Reached * piety under Wu Jian
  4842 | D:5      | Found a bloodstained altar of Trog.
  5781 | D:7      | Noticed a hippogriff
  5885 | D:6      | Reached XP level 9. HP: 59/65 MP: 18/18
  6199 | D:7      | Reached ** piety under Wu Jian
  6209 | D:7      | Learned a level 4 spell: Sticky Flame
  6486 | D:7      | Learned a level 2 spell: Shroud of Golubria
  6519 | D:7      | Reached skill level 5 in Throwing
  6837 | D:8      | Noticed Akransas's ghost (novice GnNe)
  6849 | D:8      | Found Deocwekh's Assorted Antiques.
  6854 | D:8      | Noticed Maurice
  6989 | D:8      | Reached skill level 5 in Stealth
  7062 | D:8      | Learned a level 4 spell: Olgreb's Toxic Radiance
  7205 | D:8      | Bought a papyrus book for 285 gold pieces
  7398 | D:9      | Learned a level 3 spell: Call Canine Familiar
  7462 | D:9      | Reached skill level 5 in Invocations
  7466 | D:9      | Reached *** piety under Wu Jian
  7524 | D:9      | Found a roughly hewn altar of Beogh.
  7526 | D:9      | Cast into level 1 of the Abyss (orc)
  7616 | Abyss:2  | Noticed a starcursed mass
  7636 | Abyss:2  | Noticed a tentacled starspawn
  7646 | Abyss:2  | Noticed a starcursed mass
  7664 | Abyss:2  | Noticed a mana viper
  7664 | Abyss:2  | Paralysed by accursed screaming for 1 turns
  7668 | Abyss:2  | Killed from afar by a starcursed mass

Skill      XL: |  1  2  3  4  5  6  7  8  9 |
---------------+----------------------------+-----
Spellcasting   | 5 6 |  6.8
Invocations    | 1 2 3 4 5 |  5.0
Fighting       | 1 2 3 4 |  4.5
Short Blades   | 1 2 3 4 |  4.5
Long Blades    | 1 2 3 4 |  4.5
Axes           | 1 2 3 4 |  4.5
Maces & Flails | 1 2 3 4 |  4.5
Polearms       | 1 2 3 4 |  4.5
Staves         | 1 2 3 4 |  4.5
Slings         | 1 2 3 4 |  4.5
Bows           | 1 2 3 4 |  4.5
Crossbows      | 1 2 3 4 |  4.5
Armour         | 1 2 3 4 |  4.5
Dodging        | 1 2 3 4 |  4.5
Shields        | 1 2 3 4 |  4.5
Unarmed Combat | 1 2 3 4 |  4.5
Evocations     | 1 2 3 4 |  4.5
Conjurations   | 1 2 3 |  3.7
Hexes          | 1 2 3 |  3.7
Charms         | 1 2 3 |  3.7
Summonings     | 1 2 3 |  3.7
Necromancy     | 1 2 3 |  3.7
Translocations | 1 2 3 |  3.7
Transmutations | 1 2 3 |  3.7
Ice Magic      | 1 2 3 |  3.7
Air Magic      | 1 2 3 |  3.7
Earth Magic    | 1 2 3 |  3.7
Throwing       | 3 4 5 |  5.3
Stealth        | 3 4 5 |  5.2
Fire Magic     | 6 |  6.7
Poison Magic   | 6 |  6.7

Action                   |  1- 3 |  4- 6 |  7- 9 || total
-------------------------+-------+-------+-------++-------
Melee: Club              |    38 |    45 |       ||    83
       Bite              |     7 |    13 |    56 ||    76
       Dagger            |       |    53 |   172 ||   225
       Short sword       |       |       |   147 ||   147
       Great mace        |       |       |    43 ||    43
       Punch             |       |       |     5 ||     5
       Hand axe          |       |       |     3 ||     3
       Battleaxe         |       |       |    74 ||    74
       Staff             |       |       |    17 ||    17
       Falchion          |       |       |     5 ||     5
 Cast: Flame Tongue      |    23 |    45 |     9 ||    77
       Sting             |     7 |    20 |    29 ||    56
       Conjure Flame     |       |     2 |     4 ||     6
       Throw Flame       |       |     4 |    69 ||    73
       Olgreb's Toxic Ra |       |       |     1 ||     1
       Sticky Flame      |       |       |     1 ||     1
       Call Canine Famil |       |       |     1 ||     1
Invok: Lunge             |       |       |    43 ||    43
       Whirlwind         |       |       |    53 ||    53
       Wall Jump         |       |       |     4 ||     4
  Use: Potion            |     1 |       |     5 ||     6
       Scroll            |       |     2 |    22 ||    24
 Stab: Sleeping          |     2 |     1 |    11 ||    14
       Distracted        |       |       |     2 ||     2
  Eat: Chunk             |     2 |     5 |     6 ||    13
       Ration            |       |       |     4 ||     4
Armor: Robe              |     3 |    11 |       ||    14
       Leather armour    |       |    13 |   157 ||   170
       Skin              |       |       |    12 ||    12
Dodge: Dodged            |    34 |    66 |   281 ||   381
